 Dungeon Crawl Stone Soup version 0.17-a0-1719-g1afd5a1 (console) character file.

26245 Monkaria the Unseen (level 12, -7/58 HPs)
             Began as a Felid Berserker on Aug 27, 2015.
             Was a High Priest of Trog.
             Mangled by a seven-headed hydra (10 damage)
             ... on level 8 of the Lair of Beasts.
             The game lasted 00:46:14 (21396 turns).

Monkaria the Unseen (Felid Berserker)              Turns: 21396, Time: 00:46:15

Health: -7/58      AC:  7    Str: 21    XL:     12   Next: 96%
Magic:  0/18       EV: 34    Int:  8    God:    Trog [*****.]
Gold:   1138       SH:  0    Dex: 19    Spells: 0 memorised, 11 levels left
                                        Lives:  0   Deaths: 3

rFire  . . .     SeeInvis +       - Unarmed
rCold  + . .     Clarity  .     (armour unavailable)
rNeg   . . .     SustAt   .     (shield unavailable)
rPois  .         Gourm    .     (helmet unavailable)
rElec  .         Spirit   +     (cloak unavailable)
rCorr  .         Warding  .     (gloves unavailable)
rMut   .         Stasis   .     (boots unavailable)
MR     +++..                    r - amulet of guardian spirit
Stlth  +++++++++.               C - +4 ring of protection
                                Q - +4 ring of strength

@: exhausted, regenerating, slowed, slow, extremely resistant to hostile
enchantments, incredibly stealthy
A: no armour, no weapons or thrown items, claws 1, fangs 3, thin skeletal
structure 1, see invisible, carnivore 3, speed 1, shaggy fur 3, slow metabolism
1, subdued magic 1, MP-powered wands, sharp paws
a: Burn Spellbooks, Berserk, Trog's Hand, Brothers in Arms, Renounce Religion


You were on level 8 of the Lair of Beasts.
You worshipped Trog.
Trog was extremely pleased with you.
You were very full.

You visited 2 branches of the dungeon, and saw 16 of its levels.
You also visited: Labyrinth and Ice Cave.

You collected 1138 gold pieces.

Inventory:

Jewellery
 p - an uncursed ring of flight
 r - an amulet of guardian spirit (around neck)
 C - a +4 ring of protection (right paw)
 M - an uncursed ring of protection from fire
 Q - a +4 ring of strength (left paw)
Magical devices
 c - a wand of cold (10)
 g - a wand of fire (3)
 i - a wand of digging (15)
 t - a wand of teleportation (4)
 u - a wand of heal wounds (2)
 v - a wand of disintegration (11)
 E - a wand of frost (23)
 F - a wand of cold (0)
 H - a wand of confusion (33)
 L - a wand of random effects (16)
Scrolls
 d - 11 scrolls of teleportation
 e - 2 scrolls of recharging
 f - a scroll of fog {unknown}
 j - a scroll of identify
 m - a scroll of immolation
 q - 6 scrolls of remove curse
 J - 2 scrolls of amnesia {unknown}
 K - 2 scrolls of blinking {unknown}
 O - a scroll of silence {unknown}
 X - a scroll of fear
Potions
 b - 3 potions of haste
 h - 8 potions of curing
 k - 3 potions of flight
 l - a potion of ambrosia
 n - 3 potions of magic
 w - a potion of heal wounds
 A - a potion of agility
 W - 4 potions of berserk rage
Books
 s - a book of the Earth

   Spells                             Type                      Level
   a - Leda's Liquefaction            Hexes/Earth                  4
   b - Bolt of Magma                  Conjuration/Fire/Earth       5
   c - Statue Form                    Transmutation/Earth          6
   d - Iron Shot                      Conjuration/Earth            6
   e - Shatter                        Earth                        9
   Trog disapproves of the use of such an item.
 B - a book of Geomancy

   Spells                             Type                      Level
   a - Sandblast                      Earth                        1
   b - Stoneskin                      Transmutation/Earth          2
   c - Passwall                       Transmutation/Earth          3
   d - Stone Arrow                    Conjuration/Earth            3
   e - Petrify                        Transmutation/Earth          4
   f - Lee's Rapid Deconstruction     Earth                        5
   Trog disapproves of the use of such an item.
 V - a Fen Folio

   Spells                             Type                      Level
   a - Corpse Rot                     Necromancy                   2
   b - Stone Arrow                    Conjuration/Earth            3
   c - Leda's Liquefaction            Hexes/Earth                  4
   d - Summon Forest                  Summoning/Translocation      5
   e - Hydra Form                     Transmutation                6
   f - Summon Hydra                   Summoning                    7
   Trog disapproves of the use of such an item.
Miscellaneous
 o - a box of beasts
Comestibles
 a - 13 meat rations
 x - 9 chunks of flesh


   Skills:
 + Level 10.2 Fighting
 - Level 18.1 Dodging
 - Level 18.2 Stealth
 - Level 14.0 Unarmed Combat
 - Level 7.1 Evocations


You had 11 spell levels left.
You didn't know any spells.

Dungeon Overview and Level Annotations

Branches:
Dungeon (8/15)             Temple (0/1) D:7            Lair (8/8) D:8
 Shoals (0/4) Lair:6       Spider (0/4) Lair:4        Slime (0/6) Lair:7

Altars:
Ashenzari
Dithmenos
Fedhas
Kikubaaqudgha
Makhleb
Nemelex Xobeh
Okawaru
Qazlal
Sif Muna
Trog
Vehumet
Yredelemnul
Zin

Shops:
D:6 [


Innate Abilities, Weirdness & Mutations

You cannot wear armour.
You are incapable of wielding weapons or throwing items.
You have sharp claws.
You have razor-sharp teeth.
You have supernaturally acute eyesight.
You are carnivorous and can eat meat at any time.
You cover ground quickly.
Your thick and shaggy fur keeps you warm (AC +3, rC+).
You have a slow metabolism.
Your sharp claws are effective at attacking unaware monsters.
You have a somewhat thin skeletal structure (Dex +2, Stealth).
Your spells are a little easier to cast, but a little less powerful.
You expend magic power (3 MP) to strengthen your wands.


Message History

The seven-headed hydra bites you! The seven-headed hydra misses you.
Evoke which item? (* to show all) (? for menu, Esc to quit)
Zapping:
H - a wand of confusion (34)
Press: ? - help, Shift-Dir - straight line, f - seven-headed hydra
Aim: a seven-headed hydra (chance to defeat MR: 33%)
The seven-headed hydra easily resists.
This wand has 33 charges left.
The seven-headed hydra completely misses you.
The seven-headed hydra closely misses you.
The seven-headed hydra completely misses you.
The seven-headed hydra barely misses you.
The seven-headed hydra completely misses you.
The seven-headed hydra bites you!
The seven-headed hydra completely misses you. x3
The seven-headed hydra bites you!
* * * LOW HITPOINT WARNING * * *
The seven-headed hydra misses you. x2
The seven-headed hydra bites you!
* * * LOW HITPOINT WARNING * * *
The seven-headed hydra bites you!
You die...

#...### ####........#
#...#.###.P....P....
.P.P...P..........#
....P............#
#...PP...........##
......P.......†...# ##
......P##.....†...#..#
......###P.P†.†.....#
.....## #PPP....@D.##
........PPPP.....T....#
........PPPP........P...
.... ....PPP...........
.... .........P...$....
... .........###...... .
......### #..... . .....
.##.!


You could see a seven-headed hydra and a friendly troll (berserk).

Vanquished Creatures
  A frost giant (IceCv)
  Nessos (Lair:7)
  The ghost of Uberwunderbarhen the Nimble, a powerful OpFi of Cheibriados (Lair:6)
  A minotaur (Lab)
  A great orb of eyes (Lair:6)
  10 hydras
  5 death yaks
  Urug (Lair:1)
  The ghost of Edwards80 the Blocker, an experienced MiFi of Trog (D:8)
  An ice statue (IceCv)
  A manticore (Lair:6)
  2 griffons
  7 elephants
  17 spiny frogs
  4 gargoyles (Lab)
  2 black mambas
  7 komodo dragons
  A fire drake (Lair:8)
  A queen bee (D:8)
  17 polar bears
  A jumping spider (Lair:4)
  Grinder (D:4)
  A boulder beetle (Lair:7)
  35 yaks
  2 redbacks (Lair:8)
  6 blink frogs
  Sigmund (D:4)
  A wyvern (Lair:2)
  7 hippogriffs
  4 basilisks
  18 water moccasins
  37 wolves
  8 porcupines
  2 wargs (D:8)
  2 black bears (Lair:7)
  6 centaurs
  A sky beast (D:5)
  3 orc warriors (D:8)
  3 ogres
  The ghost of Yoba the Grasshopper, an average HEWr of Okawaru (D:4)
  13 crocodiles
  A wyvern zombie (D:6)
  Blork the orc (D:6)
  A gnoll sergeant (D:7)
  18 giant frogs
  16 killer bees (D:8)
  5 wights
  2 electric eels
  A crimson imp (D:5)
  A giant frog zombie (D:7)
  A centaur zombie (D:5)
  2 hounds
  6 jellies
  4 orc priests
  A quasit (D:8)
  Crazy Yiuf (D:6)
  Jessica (D:2)
  A centaur skeleton (D:8)
  7 iguanas
  A giant frog skeleton (D:7)
  22 sheep
  2 killer bee zombies (D:8)
  5 orc wizards
  A statue (D:7)
  A worker ant (D:8)
  2 hound skeletons
  A hound zombie (D:8)
  6 gnolls
  64 river rats
  10 adders
  3 shadow imps (D:6)
  10 white imps (Lair:2)
  2 adder skeletons
  4 worms
  2 giant geckos
  26 orcs
  8 bats
  8 giant cockroaches
  7 goblins
  10 hobgoblins
  6 kobolds
  A ball python (D:2)
  12 giant newts
  16 jackals
  3 rats
  A fungus (Lair:7)
  A plant (Lair:6)
540 creatures vanquished.

Vanquished Creatures (collateral kills)
  A hydra (Lair:4)
  A polar bear (IceCv)
  3 yaks (IceCv)
  2 wolves (IceCv)
  4 sheep (Lair:2)
  2 white imps (Lair:2)
13 creatures vanquished.

Vanquished Creatures (others)
  15 fungi
  7 plants
22 creatures vanquished.

Grand Total: 575 creatures vanquished

Notes
Turn   | Place    | Note
--------------------------------------------------------------
     0 | D:1      | Monkaria the Felid Berserker began the quest for the Orb.
     0 | D:1      | Reached XP level 1. HP: 10/10 MP: 2/2
   219 | D:1      | Reached XP level 2. HP: 9/14 MP: 3/3
   866 | D:2      | Acquired Trog's second power
   869 | D:2      | Reached XP level 3. HP: 17/17 MP: 4/4
   899 | D:2      | Noticed Jessica
   905 | D:2      | Killed Jessica
   905 | D:2      | Reached skill level 5 in Dodging
  1741 | D:2      | Reached XP level 4. HP: 21/21 MP: 5/5
  1772 | D:2      | Found an iron altar of Okawaru.
  2099 | D:3      | Found a sparkling altar of Nemelex Xobeh.
  2160 | D:3      | Noticed a centaur
  2167 | D:3      | Killed a centaur
  2167 | D:3      | Reached skill level 6 in Dodging
  2167 | D:3      | Reached XP level 5. HP: 20/24 MP: 6/6
  2298 | D:3      | Reached skill level 7 in Dodging
  2498 | D:3      | Reached skill level 1 in Stealth
  2715 | D:3      | Found a basalt altar of Yredelemnul.
  2873 | D:4      | Noticed an ogre
  2881 | D:4      | Killed an ogre
  2881 | D:4      | Gained mutation: You are covered in thick fur (AC +2). [Felid growth]
  2881 | D:4      | Reached XP level 6. HP: 28/28 MP: 7/7
  2964 | D:4      | Noticed Sigmund
  2979 | D:4      | Killed Sigmund
  3055 | D:4      | Noticed Yoba's ghost (average HEWr)
  3074 | D:4      | Killed Yoba's ghost
  3074 | D:4      | Reached XP level 7. HP: 31/31 MP: 8/8
  3081 | D:4      | Noticed Grinder
  3145 | D:4      | Killed Grinder
  3145 | D:4      | Reached skill level 8 in Stealth
  3273 | D:4      | Found a bloodstained altar of Trog.
  3278 | D:4      | Reached skill level 9 in Stealth
  3456 | D:4      | Found a deep blue altar of Sif Muna.
  3488 | D:5      | Entered Level 5 of the Dungeon
  3700 | D:5      | Reached skill level 10 in Stealth
  3841 | D:5      | Reached XP level 8. HP: 34/34 MP: 9/9
  4198 | D:5      | Reached skill level 11 in Stealth
  4496 | D:6      | Found a bloodstained altar of Trog.
  4565 | D:6      | Noticed Crazy Yiuf
  4576 | D:6      | Killed Crazy Yiuf
  4759 | D:6      | Found Alany's Antique Armour Shoppe.
  4791 | D:6      | Reached skill level 12 in Stealth
  4843 | D:6      | Noticed Blork the orc
  4848 | D:6      | Acquired Trog's third power
  4854 | D:6      | Killed Blork the orc
  5135 | D:6      | Found a blossoming altar of Fedhas.
  5158 | D:6      | Found a stormy altar of Qazlal.
  5158 | D:6      | Found an ancient bone altar of Kikubaaqudgha.
  5297 | D:6      | Found a shadowy altar of Dithmenos.
  5300 | D:6      | Found a burning altar of Makhleb.
  5303 | D:6      | Found a glowing silver altar of Zin.
  5303 | D:6      | Noticed an angel
  5304 | D:6      | Noticed an Executioner
  5323 | D:6      | Reached skill level 13 in Stealth
  5709 | D:7      | Reached skill level 14 in Stealth
  5800 | D:7      | Reached XP level 9. HP: 32/37 MP: 10/10
  5839 | D:7      | Found a bloodstained altar of Trog.
  6394 | D:7      | Found a staircase to the Ecumenical Temple.
  6587 | D:7      | Found a radiant altar of Vehumet.
  6606 | D:7      | Reached skill level 15 in Stealth
  6805 | D:8      | Found a shattered altar of Ashenzari.
  6839 | D:8      | Found a staircase to the Lair.
  7138 | D:8      | Reached skill level 16 in Stealth
  7171 | D:8      | Reached skill level 17 in Stealth
  7368 | Lair:1   | Entered Level 1 of the Lair of Beasts
  7662 | D:8      | Reached XP level 10. HP: 42/42 MP: 11/11
  8610 | D:8      | Noticed Edwards80's ghost (experienced MiFi)
  8628 | D:8      | Killed Edwards80's ghost
  8628 | D:8      | Reached skill level 18 in Stealth
  8940 | Lair:1   | Noticed Urug
  8950 | Lair:1   | HP: 2/42 [Urug/battleaxe (17)]
  8953 | Lair:1   | Slain by Urug
  8954 | Lair:1   | Reached XP level 9. HP: 0/38 MP: 0/10
  9132 | Lair:1   | Reached skill level 1 in Evocations
  9156 | Lair:1   | Noticed a komodo dragon
  9163 | Lair:1   | Killed a komodo dragon
  9218 | Lair:1   | Killed Urug
  9218 | Lair:1   | Reached skill level 5 in Evocations
  9463 | Lair:1   | Noticed a spiny frog
  9465 | Lair:1   | Killed a spiny frog
  9465 | Lair:1   | Reached XP level 10. HP: 33/42 MP: 11/15
  9778 | Lair:2   | Found a frozen archway.
 10015 | IceCv    | Entered an ice cave
 10027 | IceCv    | Gained mutation: You have a somewhat thin skeletal structure (Dex +2, Stealth). [potion of mutation]
 10027 | IceCv    | Gained mutation: Your spells are a little easier to cast, but a little less powerful. [potion of mutation]
 10027 | IceCv    | Gained mutation: You expend magic power (3 MP) to strengthen your wands. [potion of mutation]
 10410 | IceCv    | Reached skill level 10 in Dodging
 10680 | IceCv    | Noticed a death yak
 10691 | IceCv    | Killed a death yak
 10736 | IceCv    | Reached XP level 11. HP: 34/45 MP: 13/17
 10976 | IceCv    | Noticed an ice statue
 11267 | IceCv    | Killed an ice statue
 11488 | IceCv    | Noticed a death yak
 11637 | IceCv    | Killed a death yak
 11894 | IceCv    | Noticed a frost giant
 11894 | IceCv    | Noticed a death yak
 12161 | IceCv    | Killed a death yak
 12163 | IceCv    | Reached skill level 15 in Dodging
 12434 | IceCv    | Killed a frost giant
 12637 | Lair:2   | Gained mutation: Your thick and shaggy fur keeps you warm (AC +3, rC+). [Felid growth]
 12637 | Lair:2   | Reached XP level 12. HP: 48/48 MP: 18/18
 13101 | Lair:2   | Noticed a six-headed hydra
 13110 | Lair:2   | Killed a six-headed hydra
 13240 | Lair:2   | Noticed an elephant
 13241 | Lair:2   | Noticed an elephant
 13241 | Lair:2   | Noticed an elephant
 13241 | Lair:2   | Noticed an elephant
 13241 | Lair:2   | Noticed an elephant
 13242 | Lair:2   | Noticed an elephant
 13310 | Lair:1   | Killed an elephant
 13789 | Lair:1   | Killed an elephant
 13794 | Lair:1   | Killed an elephant
 13891 | Lair:1   | Killed an elephant
 13903 | Lair:1   | Killed an elephant
 14004 | Lair:2   | Killed an elephant
 14258 | Lair:3   | Noticed an eight-headed hydra
 14265 | Lair:3   | Killed an eight-headed hydra
 14387 | Lair:3   | HP: 3/73 [porcupine's spines (9)]
 14704 | Lair:3   | Reached skill level 5 in Fighting
 15120 | Lair:3   | Noticed a seven-headed hydra
 15130 | Lair:3   | Killed a seven-headed hydra
 15309 | Lair:4   | Found a labyrinth entrance.
 15378 | Lab      | Entered a labyrinth
 15621 | Lab      | Noticed a minotaur
 15623 | Lab      | Killed a minotaur
 15626 | Lab      | Got an ichor-stained fire dragon armour
 15644 | Lair:4   | Found a hole to the Spider Nest.
 15703 | Lair:4   | Reached XP level 13. HP: 46/57 MP: 19/19
 15708 | Lair:4   | Reached skill level 5 in Unarmed Combat
 15753 | Lair:4   | Noticed a six-headed hydra
 15770 | Lair:4   | Killed a six-headed hydra
 16372 | Lair:4   | Noticed a five-headed hydra
 16379 | Lair:4   | Killed a five-headed hydra
 17157 | Lair:5   | Reached skill level 10 in Unarmed Combat
 17864 | Lair:6   | Noticed Uberwunderbarhen's ghost (powerful OpFi)
 17905 | Lair:6   | Killed Uberwunderbarhen's ghost
 18007 | Lair:6   | Found a staircase to the Shoals.
 18689 | Lair:6   | Mangled by a spiny frog
 18690 | Lair:6   | Reached XP level 12. HP: -6/81 MP: 0/18
 19446 | Lair:7   | Noticed an eight-headed hydra
 19457 | Lair:7   | Noticed Nessos
 19485 | Lair:7   | Shot with a poisoned arrow by Nessos
 19486 | Lair:7   | Reached XP level 11. HP: 0/50 MP: 0/17
 19499 | Lair:7   | Killed Nessos
 19778 | Lair:7   | Found a staircase to the Slime Pits.
 19857 | Lair:7   | Noticed a seven-headed hydra
 19864 | Lair:7   | Killed a seven-headed hydra
 19864 | Lair:7   | Reached XP level 12. HP: 54/54 MP: 18/18
 19944 | Lair:7   | Killed an eight-headed hydra
 20138 | Lair:7   | Noticed a six-headed hydra
 20172 | Lair:7   | Killed a six-headed hydra
 20366 | Lair:8   | Entered Level 8 of the Lair of Beasts
 20817 | Lair:8   | Noticed a seven-headed hydra
 20851 | Lair:8   | Noticed a four-headed hydra
 20853 | Lair:8   | Killed a seven-headed hydra
 20859 | Lair:8   | Killed a four-headed hydra
 21372 | Lair:8   | Reached skill level 10 in Fighting
 21391 | Lair:8   | Noticed a seven-headed hydra
 21396 | Lair:8   | Mangled by a seven-headed hydra

Vault maps used:
D:1:      minmay_arrival_four_loops
D:2:      nicolae_overflow_hidden_temple, kennysheep_generic_room_11,
          uniq_jessica
D:3:      nemelex_xobeh_ov_fountains_minmay, lemuel_coloured_pillars_altar,
          first_bread
D:4:      lemuel_blue_sif_altar, trog_butcher_becter, uniq_grinder, uniq_sigmund
D:6:      grunt_temple_overflow_order_and_chaos_2, lemuel_crystal_altar,
          kennysheep_mini, kennysheep_mini_moat, gammafunk_temple_overflow_wave,
          serial_shops, nicolae_shop_window_shopping, uniq_crazy_yiuf_cottage,
          uniq_blork_the_orc
D:7:      vehumet_statue, minmay_temple_entry_fiery, basic_altar
D:8:      old_standard_altar, erik_lair_orcish_takeover, david_nohive_1,
          serial_bayou_pond_e, lightli_minifort
Lair:1:   uniq_urug
Lair:2:   portal_ice_cave_entry_imps, serial_bayou_shore_a
Lair:4:   spider_nest_entry_rubble, lab_entry_generic
Lair:5:   infiniplex_staircase_pool, grunt_megastairs_1, serial_bayou_shore_b,
          lemuel_fruit_tree
Lair:6:   minmay_shoals_entry_beasts, minmay_stone_trees_small
Lair:7:   minmay_slime_entry_pillars, st_stairs_6, serial_bayou_pond_a,
          bh_autumn_forest_stairs, uniq_nessos
Lair:8:   minmay_lair_end_enchanted_forest, lemuel_fruit_fields,
          infiniplex_staircase_pool_2
Lab:      labyrinth_skeletal_remains, nicolae_lab_quarters, nicolae_lab_x
IceCv:    ice_cave_caverns_01

Action                   |  1- 3 |  4- 6 |  7- 9 | 10-12 | 13-15 || total
-------------------------+-------+-------+-------+-------+-------++-------
Melee: Unarmed           |    90 |    96 |   415 |  1208 |   233 ||  2042
Invok: Berserk           |     3 |     5 |    17 |    50 |    11 ||    86
       Trog's Hand       |       |     2 |     5 |    31 |     6 ||    44
       Brothers in Arms  |       |       |     1 |     5 |     3 ||     9
       Burn Spellbooks   |       |       |       |     1 |       ||     1
Evoke: Wand              |       |       |     6 |    28 |     1 ||    35
  Use: Scroll            |       |       |     3 |    18 |     4 ||    25
       Potion            |       |       |       |     7 |     1 ||     8
 Stab: Sleeping          |     4 |     8 |    43 |    74 |    32 ||   161
       Distracted        |       |       |     1 |     3 |     3 ||     7
       Confused          |       |       |     1 |     6 |       ||     7
  Eat: Chunk             |     7 |    11 |    33 |    80 |    18 ||   149
